Construct Section Command Post
Selects Indian Artillery Battlegroup
Construct Platoon Command Post
Unlock Bishop Self-propelled Artillery
Construct Field Infirmary
Selects Artillery Saturation
Bishop Self-propelled Artillery
6-pounder Anti-tank Gun Team
Selects Off-map Airburst Barrage
Bishop Self-propelled Artillery
Bishop Self-propelled Artillery
Construct Company Command Post
Selects Perimeter Monitor
Selects Gurkha Rifles Section
Unlock M3 Grant Medium Tanks